cohdb
Replays
Latest Replays
All Replays
Popular Replays
Top Player Replays
Match Explorer
How It Works
Community
CoH3 Stats
Reddit
Sign in to upload your games and track your stats! →
Sign in with Steam
Match 38110046
Unlisted
Match 38110046
Overview
Messages
Build Orders
End
Vickers Machine Gun Team
Construct Section Command Post
ML 3-inch Mortar Team
Infantry Section
Grenade Package
Selects Air and Sea Battlegroup
Selects Air and Sea Battlegroup
Infantry Section
Construct Platoon Command Post
6-pounder Anti-tank Gun Team
Selects Commando Section Paradrop
Selects M1 Pack Howitzer Paradrop
M1 Pack Howitzer Paradrop
Unlock M3 Stuart Light Tanks
M3 Stuart Light Tank
CMP 15cwt Truck
2087556
OsteoporoticBoxer
小虚空
zZ_PERRO_Zz [ΔoH]
돈이사라지는마술
Bobokhan
Voodoo408
Nolo
0
0
Comments
sign in to comment!
No comments posted yet!